 Dungeon Sprint DCSS version 0.27-a0-773-gaaee5cf45b (webtiles) character file.

Game seed: 11845414740218744881

9400000 sahdkjhfkaj the Axe Maniac (level 27, 0/228 HPs)
             Began as a Djinni Warper on Mar 25, 2021.
             Was the Champion of Makhleb.
             Slain by a meat berserker
             ... wielding a +9 battleaxe
              (72 damage)
             ... in the Dungeon (Sprint VIII: "Arena of Blood").
             The game lasted 00:02:43 (94 turns).

sahdkjhfkaj the Axe Maniac (Djinni Warper)            Turns: 94, Time: 00:02:43

Health: 0/228      AC:  6    Str: 10    XL:     27
Gold:   0          EV: 27    Int: 25    God:    Makhleb [******] SH:  0 Dex: 16

rFire    + + .     SeeInvis .   c - +∞ Axe of Woe
rCold    x . .     Faith    .   (shield currently unavailable)
rNeg     . . .     Spirit   .   b - +0 leather armour
rPois    ∞         Reflect  .   (no helmet)
rElec    .         Harm     .   (no cloak)
rCorr    .         Rampage  .   (no gloves)
Will     ++...     NoTele   +   (boots unavailable)
Stlth    +++++++++.             (no amulet)
HPRegen  0.48/turn              (no ring)
MPRegen  0.00/turn              (no ring)

@: flying, slowed, very slow
A: fire resistance 2, cold vulnerability 1, float, innate caster, hp casting,
extra vitality 1
a: Renounce Religion, Minor Destruction, Lesser Servant of Makhleb, Major
Destruction, Greater Servant of Makhleb


You were in the Dungeon.
You worshipped Makhleb.
Makhleb was exalted by your worship.
You visited 1 branch

Inventory:

Hand Weapons
 c - the +∞ Axe of Woe (weapon)
   (You found it in the Dungeon)
Missiles
 e - 5 boomerangs of dispersal (quivered)
Armour
 b - a +0 leather armour (worn)
Scrolls
 d - a scroll of blinking
Potions
 f - a potion of curing
 g - a potion of heal wounds
 h - a potion of haste
 i - a potion of berserk rage


   Skills:
 O Level 27 Fighting
 O Level 27 Short Blades
 O Level 27 Long Blades
 O Level 27 Axes
 O Level 27 Maces & Flails
 O Level 27 Polearms
 O Level 27 Staves
 O Level 27 Slings
 O Level 27 Bows
 O Level 27 Crossbows
 O Level 27 Throwing
 O Level 27 Armour
 O Level 27 Dodging
 O Level 27 Stealth
 O Level 27 Shields
 O Level 27 Unarmed Combat
 O Level 27 Spellcasting
 O Level 27 Invocations
 O Level 27 Evocations


You couldn't memorise any spells.
You knew the following spells:

 Your Spells              Type           Power      Damage    Failure   Level
a - Blink                 Tloc           N/A        N/A       0%          2
b - Lesser Beckoning      Tloc           53%        N/A       0%          3
c - Gell's Gravitas       Tloc           53%        N/A       0%          3
d - Teleport Other        Tloc           100%       N/A       0%          3
e - Manifold Assault      Tloc           100%       N/A       0%          5
f - Apportation           Tloc           100%       N/A       0%          1
g - Call Imp              Summ           100%       N/A       0%          2
h - Passwall              Tmut/Erth      88%        N/A       0%          2
i - Tukima's Dance        Hex            100%       N/A       0%          3
j - Olgreb's Toxic Radia  Pois           100%       N/A       0%          4
k - Lee's Rapid Deconstr  Erth           53%        3d26*     0%          5
l - Hydra Form            Tmut           53%        N/A       0%          6
m - Starburst             Conj/Fire      53%        8x6d14    0%          6
n - Spellforged Servitor  Conj/Summ      53%        N/A       0%          7
o - Monstrous Menagerie   Summ           53%        N/A       0%          7
p - Disjunction           Tloc           53%        N/A       1%          8
q - Infestation           Necr           53%        N/A       1%          8
r - Absolute Zero         Ice            53%        ∞         1%          9
Your spell library was empty.

Dungeon Overview and Level Annotations

Branches:
Dungeon (1/1)

Altars:
Makhleb


Innate Abilities, Weirdness & Mutations

You are immune to poison.
Your flesh is very heat resistant. (rF++)
You are vulnerable to cold. (rC-)
You float through the air rather than walking.
You learn spells naturally, not from books.
Your magical power is your life essence.
You have superior vitality. (+4 HP)


Message History

Something smites you!
You hear a shout!
The bag of meat moves out of view.
Found a ring of see invisible.
Unknown command.
Unknown command.
Unknown command.
Unknown command.
Unknown command.
Unknown command.
Unknown command.
Unknown command.
Unknown command.
Unknown command.
Unknown command.
Unknown command.
Unknown command.
The bag of meat shouts!
You slice the accursed!!
You hew the accursed savagely.
You destroy the accursed!
Makhleb accepts your kill.
You feel better.
You slash the meat beast!
You hew the meat beast savagely.
You kill the meat beast!
Makhleb accepts your kill.
You feel better.
You feel extremely nervous for a moment...
Your body is wracked with pain!
You feel something staring at you. Something smites you!
You hear a shout!
The meat beast croaks, "Scamper home lest death find thee!"
You hear a shout!
The meat berserker rages.
You hear a shout!
An accursed comes into view.
You hear a shout! x2
The meat beast bites you. The meat beast tramples you.
You hold your ground!
You hear a shout!
The meat berserker hits you with a +9 battleaxe!!!!
You die...

####### ####
####..... =...
#........ ...
........##.##.##
................
..... ##..2@.#
X.oXX#...X...O.....o.
Oooo.#..o.o....O#.#M
oLo.#..O.....OWo..
###XXo#.......O.o.°.
##.)..oO#V.......oo..
.....XO..X§..........
..#).o).)............
...#)§).)...#....)..#


You could see an accursed (wandering), a tentacled monstrosity (summoned), a
meat beast (fast), a destroyer, 2 large bags of meat, a large abomination
(summoned), a dread, 5 meat berserkers and 9 bags of meat.

Vanquished Creatures
  10 hell beasts (D)
  7 royal mummies (D)
  2 wraiths (D)
  10 vampire knights (D)
  38 ogres (D)
  4 liches (D)
  5 two-headed ogres (D)
  76 orcs (D)
  3 phantoms (D)
  7 skeletal warriors (D)
162 creatures vanquished.

Notes
Turn   | Place    | Note
-------+----------+-------------------------------------------
     0 | D        | Found the +∞ Axe of Woe
     0 | D        | sahdkjhfkaj the Djinni Warper began the quest for the Orb.
     0 | D        | Reached XP level 1. HP: 18/18 MP: 0/0
     2 | D        | Noticed a bag of meat
     2 | D        | Noticed a bag of meat
     4 | D        | Noticed a bag of meat
     5 | D        | Became a worshipper of Makhleb the Destroyer
     6 | D        | Noticed a meat berserker
     9 | D        | Noticed a bag of meat
    10 | D        | Noticed a bag of meat
    10 | D        | Noticed a bag of meat
    11 | D        | Noticed a bag of meat
    12 | D        | Noticed a bag of meat
    13 | D        | Noticed a bag of meat
    13 | D        | Noticed a bag of meat
    13 | D        | Noticed a bag of meat
    14 | D        | Noticed a meat berserker
    14 | D        | Noticed a bag of meat
    14 | D        | Noticed a bag of meat
    14 | D        | Noticed a bag of meat
    15 | D        | Killed a meat berserker
    15 | D        | Noticed a meat berserker
    15 | D        | Noticed a meat berserker
    15 | D        | Noticed a bag of meat
    15 | D        | Noticed a bag of meat
    15 | D        | Noticed a bag of meat
    15 | D        | Noticed a bag of meat
    16 | D        | Reached XP level 2. HP: 23/23 MP: 0/0
    16 | D        | Reached XP level 3. HP: 28/28 MP: 0/0
    16 | D        | Learned a level 1 spell: Apportation
    16 | D        | Reached XP level 4. HP: 33/33 MP: 0/0
    16 | D        | Reached XP level 5. HP: 38/38 MP: 0/0
    16 | D        | Learned a level 2 spell: Call Imp
    16 | D        | Reached XP level 6. HP: 43/43 MP: 0/0
    16 | D        | Reached XP level 7. HP: 49/49 MP: 0/0
    16 | D        | Learned a level 2 spell: Passwall
    16 | D        | Reached XP level 8. HP: 54/54 MP: 0/0
    16 | D        | Reached XP level 9. HP: 58/58 MP: 0/0
    16 | D        | Learned a level 3 spell: Tukima's Dance
    16 | D        | Reached XP level 10. HP: 64/64 MP: 0/0
    16 | D        | Reached XP level 11. HP: 68/68 MP: 0/0
    16 | D        | Learned a level 4 spell: Olgreb's Toxic Radiance
    16 | D        | Reached XP level 12. HP: 74/74 MP: 0/0
    16 | D        | Reached XP level 13. HP: 78/78 MP: 0/0
    16 | D        | Learned a level 5 spell: Lee's Rapid Deconstruction
    16 | D        | Killed a bag of meat
    16 | D        | Reached * piety under Makhleb
    17 | D        | Reached skill level 10 in Spellcasting
    17 | D        | Reached XP level 14. HP: 85/85 MP: 0/0
    17 | D        | Killed a bag of meat
    17 | D        | Killed a bag of meat
    18 | D        | Reached skill level 27 in Axes
    18 | D        | Reached XP level 15. HP: 83/89 MP: 0/0
    18 | D        | Learned a level 6 spell: Hydra Form
    18 | D        | Noticed a meat berserker
    18 | D        | Killed a meat berserker
    18 | D        | Reached ** piety under Makhleb
    19 | D        | Reached XP level 16. HP: 94/94 MP: 0/0
    19 | D        | Killed a meat berserker
    19 | D        | Reached *** piety under Makhleb
    19 | D        | Reached **** piety under Makhleb
    19 | D        | Noticed a destroyer
    19 | D        | Noticed a meat berserker
    19 | D        | Noticed a meat berserker
    20 | D        | Reached skill level 27 in Spellcasting
    20 | D        | Reached XP level 17. HP: 115/115 MP: 0/0
    20 | D        | Learned a level 6 spell: Starburst
    20 | D        | Reached XP level 18. HP: 121/121 MP: 0/0
    20 | D        | Reached ***** piety under Makhleb
    20 | D        | Noticed a large bag of meat
    21 | D        | Reached skill level 10 in Short Blades
    21 | D        | Reached skill level 10 in Staves
    21 | D        | Reached skill level 10 in Armour
    21 | D        | Reached skill level 10 in Stealth
    21 | D        | Reached skill level 10 in Shields
    21 | D        | Reached skill level 10 in Unarmed Combat
    21 | D        | Reached skill level 10 in Invocations
    21 | D        | Reached skill level 10 in Evocations
    21 | D        | Reached XP level 19. HP: 50/132 MP: 0/0
    21 | D        | Learned a level 7 spell: Spellforged Servitor
    21 | D        | Killed a meat berserker
    21 | D        | Noticed a meat berserker
    22 | D        | Reached skill level 10 in Maces & Flails
    22 | D        | Reached skill level 10 in Bows
    22 | D        | Reached XP level 20. HP: 143/143 MP: 0/0
    22 | D        | Killed a meat berserker
    22 | D        | Killed a meat berserker
    23 | D        | Reached skill level 15 in Fighting
    23 | D        | Reached skill level 15 in Armour
    23 | D        | Reached skill level 15 in Shields
    23 | D        | Reached skill level 15 in Unarmed Combat
    23 | D        | Reached skill level 15 in Invocations
    23 | D        | Reached skill level 15 in Evocations
    23 | D        | Reached XP level 21. HP: 155/155 MP: 0/0
    23 | D        | Learned a level 7 spell: Monstrous Menagerie
    23 | D        | Killed a large bag of meat
    23 | D        | Reached ****** piety under Makhleb
    23 | D        | Noticed a large bag of meat
    24 | D        | Killed a large bag of meat
    24 | D        | Noticed a meat berserker
    25 | D        | Reached skill level 15 in Short Blades
    25 | D        | Reached skill level 15 in Long Blades
    25 | D        | Reached skill level 15 in Staves
    25 | D        | Reached skill level 15 in Stealth
    25 | D        | Reached XP level 22. HP: 144/165 MP: 0/0
    26 | D        | Reached skill level 15 in Maces & Flails
    26 | D        | Reached skill level 15 in Polearms
    26 | D        | Reached skill level 15 in Slings
    26 | D        | Reached skill level 15 in Bows
    26 | D        | Reached skill level 15 in Crossbows
    26 | D        | Reached skill level 15 in Throwing
    26 | D        | Reached XP level 23. HP: 170/175 MP: 0/0
    26 | D        | Learned a level 8 spell: Disjunction
    26 | D        | Killed a destroyer
    27 | D        | Reached XP level 24. HP: 182/185 MP: 0/0
    29 | D        | Reached XP level 25. HP: 194/196 MP: 0/0
    29 | D        | Learned a level 8 spell: Infestation
    34 | D        | Noticed a destroyer
    35 | D        | Killed a destroyer
    35 | D        | Noticed a destroyer
    36 | D        | Reached XP level 26. HP: 209/209 MP: 0/0
    36 | D        | Killed a destroyer
    37 | D        | Reached XP level 27. HP: 217/217 MP: 0/0
    37 | D        | Learned a level 9 spell: Absolute Zero
    37 | D        | Noticed a destroyer
    38 | D        | Noticed a large bag of meat
    39 | D        | Noticed a destroyer
    39 | D        | Noticed a large bag of meat
    40 | D        | Killed a destroyer
    41 | D        | Killed a destroyer
    42 | D        | Reached skill level 27 in Dodging
    43 | D        | Noticed a destroyer
    44 | D        | Noticed a large bag of meat
    47 | D        | Noticed an accursed
    47 | D        | Noticed a destroyer
    48 | D        | Noticed a tyrant
    49 | D        | Reached skill level 27 in Fighting
    49 | D        | Reached skill level 27 in Armour
    49 | D        | Reached skill level 27 in Shields
    49 | D        | Reached skill level 27 in Unarmed Combat
    49 | D        | Reached skill level 27 in Invocations
    49 | D        | Reached skill level 27 in Evocations
    49 | D        | Noticed an accursed
    49 | D        | Noticed an accursed
    51 | D        | Killed a tyrant
    51 | D        | Noticed an accursed
    52 | D        | Reached skill level 27 in Short Blades
    52 | D        | Reached skill level 27 in Long Blades
    52 | D        | Reached skill level 27 in Staves
    52 | D        | Reached skill level 27 in Stealth
    52 | D        | Killed a large bag of meat
    53 | D        | Reached skill level 27 in Maces & Flails
    53 | D        | Reached skill level 27 in Polearms
    53 | D        | Reached skill level 27 in Slings
    53 | D        | Reached skill level 27 in Bows
    53 | D        | Reached skill level 27 in Crossbows
    53 | D        | Reached skill level 27 in Throwing
    53 | D        | Killed a large bag of meat
    54 | D        | Killed a destroyer
    57 | D        | Killed an accursed
    58 | D        | Noticed a destroyer
    59 | D        | Killed a destroyer
    60 | D        | Killed a large bag of meat
    62 | D        | Killed an accursed
    62 | D        | Noticed a meat beast
    63 | D        | Noticed an accursed
    63 | D        | Noticed a meat beast
    63 | D        | Noticed a tyrant
    65 | D        | Killed a meat beast
    65 | D        | Killed a meat beast
    68 | D        | Noticed a meat beast
    68 | D        | Noticed a dread
    68 | D        | Noticed a meat beast
    69 | D        | Killed a tyrant
    70 | D        | Killed a meat beast
    70 | D        | Killed an accursed
    70 | D        | Noticed a tyrant
    71 | D        | Killed an accursed
    72 | D        | Noticed a meat beast
    72 | D        | Noticed a meat beast
    73 | D        | Noticed a meat beast
    73 | D        | Killed an accursed
    73 | D        | Killed a meat beast
    76 | D        | Killed a destroyer
    76 | D        | Killed a meat beast
    76 | D        | Killed a meat beast
    76 | D        | Killed a meat beast
    77 | D        | Killed a tyrant
    78 | D        | Noticed a dread
    80 | D        | Killed a dread
    82 | D        | Noticed a meat beast
    84 | D        | Killed a dread
    85 | D        | Noticed a meat beast
    85 | D        | Noticed a destroyer
    85 | D        | Noticed a tyrant
    86 | D        | Noticed a large bag of meat
    86 | D        | Noticed a destroyer
    86 | D        | Noticed a meat beast
    86 | D        | HP: 1/228 [meat berserker/+9 battleaxe (58)]
    87 | D        | Noticed a destroyer
    87 | D        | Killed a meat beast
    87 | D        | Killed a meat beast
    87 | D        | Noticed a meat beast
    88 | D        | Noticed a tyrant
    88 | D        | Noticed an accursed
    88 | D        | Noticed an accursed
    89 | D        | Killed a destroyer
    89 | D        | Killed a destroyer
    91 | D        | Noticed an accursed
    91 | D        | Noticed a dread
    91 | D        | Noticed a large bag of meat
    92 | D        | Killed an accursed
    92 | D        | Killed a tyrant
    94 | D        | Killed an accursed
    94 | D        | Killed a meat beast
    94 | D        | Noticed an accursed
    94 | D        | Slain by a meat berserker

Illustrated notes

Levels and vault maps discovered:
D:        meatsprint

Skill      XL: |  1  2  3  4  5  6  7  8  9 10 11 12 13 14 15 16 17 18 19 20 21 22 23 24 25 26 27 |
---------------+----------------------------------------------------------------------------------+-----
Axes           | 25 26 27 | 27.0
Spellcasting   | 10 18 26 27 | 27.0
Fighting       | 8 11 12 15 16 17 19 21 23 27 | 27.0
Short Blades   | 7 10 12 14 15 16 18 19 21 22 27 | 27.0
Long Blades    | 7 9 11 13 15 16 18 19 21 22 27 | 27.0
Maces & Flails | 6 9 10 13 14 15 16 18 20 27 | 27.0
Polearms       | 6 9 11 13 14 15 16 18 20 27 | 27.0
Staves         | 7 10 11 13 15 16 18 19 21 22 27 | 27.0
Slings         | 6 9 11 13 14 15 17 18 20 27 | 27.0
Bows           | 6 9 10 13 14 15 17 18 20 27 | 27.0
Crossbows      | 6 9 11 13 14 15 16 18 20 27 | 27.0
Throwing       | 7 9 11 13 14 15 17 18 20 21 27 | 27.0
Armour         | 8 10 12 15 16 17 19 21 23 24 27 | 27.0
Dodging        | 9 11 13 16 17 19 21 22 24 25 27 | 27.0
Stealth        | 7 10 11 13 15 16 18 19 21 22 27 | 27.0
Shields        | 8 10 12 15 16 17 19 21 22 23 27 | 27.0
Unarmed Combat | 8 10 12 15 16 17 19 21 23 27 | 27.0
Invocations    | 8 10 12 15 16 18 19 21 22 23 27 | 27.0
Evocations     | 8 10 12 15 16 18 19 21 23 24 27 | 27.0

Action                   |  1- 3 |  4- 6 |  7- 9 | 10-12 | 13-15 | 16-18 | 19-21 | 22-24 | 25-27 || total
-------------------------+-------+-------+-------+-------+-------+-------+-------+-------+-------++-------
Melee: Executioner's axe |     1 |       |       |       |     4 |     8 |     7 |    13 |    71 ||   104
 Cast: Manifold Assault  |       |       |       |       |     1 |     2 |     1 |     4 |    11 ||    19
  Use: Scroll            |       |       |       |       |       |       |       |       |     1 ||     1
Armor: Leather armour    |       |       |       |       |       |       |       |       |     1 ||     1
Dodge: Dodged            |       |       |       |       |       |       |       |       |    11 ||    11

Table legend: (Time is in decaauts)
 A = Elapsed time spent in this place.
 B = Non-inter-level travel time spent in this place.
 C = Inter-level travel time spent in this place.
 D = Time resting spent in this place.
 E = Time spent auto-exploring this place.
 F = Levels seen in this place.
 G = Mean time per level.
                   A        B        C        D        E       F      G
               +--------+--------+--------+--------+--------+-----+--------+
         Total |     83 |     83 |      0 |      0 |      0 |   1 |   83.0 |
       Dungeon |     83 |     83 |      0 |      0 |      0 |   1 |   83.0 |
               +--------+--------+--------+--------+--------+-----+--------+

Top non-repeatable levels by time:
       D: 83 daAuts
